 Dungeon Sprint DCSS version 0.28-a0-1339-ga5422284a4 (webtiles) character file.

Game seed: 10698481091382615274

37950 mhtbhm the Phalangite (level 14, -5/135 HPs)
             Began as a Human Berserker on Dec 28, 2021.
             Was the Champion of Trog.
             Slain by a salamander (26 damage)
             ... in the Dungeon (Sprint IX: "|||||||||||||||||||||||||||||").
             The game lasted 00:08:25 (4533 turns).

mhtbhm the Phalangite (Human Berserker)             Turns: 4533, Time: 00:08:26

Health: -5/135     AC: 19    Str: 23    XL:     14   Next: 31%
Magic:  14/14      EV: 17    Int:  7    God:    Trog [******]
Gold:   1083       SH:  0    Dex: 16    Spells: 13/13 levels left

rFire   . . .      SeeInvis .   u - +5 bardiche (flame)
rCold   + . .      Faith    .   (no shield)
rNeg    . . .      Spirit   .   b - +0 swamp dragon scales
rPois   +          Reflect  .   t - +1 helmet
rElec   .          Harm     .   l - +0 cloak
rCorr   .          Rampage  .   s - +0 pair of gloves
Will    +....      NoTele   +   k - +0 pair of boots
Stlth   ++........              (no amulet)
HPRegen 0.32/turn               m - +3 ring of dexterity
MPRegen 0.14/turn               C - ring of protection from cold

@: no status effects
A: no striking features
a: Renounce Religion, Berserk, Trog's Hand, Brothers in Arms


You were in the Dungeon.
You worshipped Trog.
Trog was exalted by your worship.
You visited 1 branch You collected 1937 gold pieces.
You spent 854 gold pieces at shops.

Inventory:

Hand Weapons
 a - the +8 glaive of Ragnarok {vorpal, Dex+2}
   (Trog gifted it to you in the Dungeon)

   It inflicts extra damage upon your enemies.
   Dex:       It affects your dexterity (+2).
 u - a +5 bardiche of flaming (weapon)
 D - a +1 double sword of holy wrath
Missiles
 o - 15 poisoned darts (quivered)
Armour
 b - +0 swamp dragon scales (worn)
 k - a +0 pair of boots (worn)
 l - a +0 cloak (worn)
 s - a +0 pair of gloves (worn)
 t - a +1 helmet (worn)
 E - a +1 tower shield
Jewellery
 m - a +3 ring of dexterity (left hand)
 B - a ring of fire
 C - a ring of protection from cold (right hand)
Wands
 j - a wand of iceblast (3)
 y - a wand of mindburst (26)
Scrolls
 h - 5 scrolls of blinking
 p - 4 scrolls of enchant armour
 q - a scroll of fear
 r - 2 scrolls of enchant weapon
 v - a scroll of immolation
 w - 5 scrolls of identify
 x - a scroll of acquirement
 A - a scroll of fog
Potions
 c - 5 potions of curing
 d - 8 potions of heal wounds
 e - 3 potions of might
 f - 4 potions of magic
 g - a potion of berserk rage
 i - a potion of invisibility
 z - a potion of resistance


   Skills:
 + Level 20.0 Fighting
 + Level 24.7 Polearms
 + Level 14.5 Armour
 + Level 11.7 Dodging
 + Level 5.3 Stealth
 + Level 5.5 Evocations


You had 13 spell levels left.
You didn't know any spells.
Your spell library was empty.

Dungeon Overview and Level Annotations

Branches:
Dungeon (1/1)

Altars:
Cheibriados
Dithmenos
Elyvilon
Fedhas
Gozag
Hepliaklqana
Kikubaaqudgha
Makhleb
Nemelex Xobeh
Okawaru
Qazlal
Ru
Sif Muna
Trog
Uskayaw
Vehumet
Wu Jian
Xom
Yredelemnul
Zin
The Shining One
Beogh
Jiyva
Lugonu

Shops:
D *(:?


Message History

You slice the naga warrior!! You burn the naga warrior!
The naga warrior is severely wounded.
The naga warrior barely misses you. The naga warrior constricts you.
Unknown command.
The naga warrior blocks your attack.
The naga warrior is severely wounded.
The naga warrior spits poison at you. The splash of poison misses you.
The naga warrior constricts you.
Unknown command.
The naga warrior blocks your attack.
The naga warrior is severely wounded.
The naga warrior misses you. The naga warrior constricts you.
Unknown command.
You slash the naga warrior! You burn the naga warrior.
The naga warrior is almost dead.
Unknown command.
You slash the naga warrior! You burn the naga warrior.
You kill the naga warrior!
Trog accepts your kill.
Your Fighting skill increases to level 20!
Unknown command.
You miss the shock serpent. The shock serpent bites you!
The shock serpent shocks you!
You hit the shock serpent. You burn the shock serpent.
The shock serpent is lightly wounded.
The shock serpent bites you! The shock serpent shocks you!
The salamander hits you from afar with a +0 trident!
You are engulfed in flames!
* * * LOW HITPOINT WARNING * * *
Unknown command.
You slice the shock serpent!! You burn the shock serpent.
The shock serpent is severely wounded.
The shock serpent's electric aura discharges, shocking you!
* * * LOW HITPOINT WARNING * * *
The shock serpent bites you but does no damage.
Unknown command.
You completely miss the shock serpent.
The shock serpent is severely wounded.
The salamander hits you from afar with a +0 trident!!
You die...

_▓.▓.▓.▓)▓.▓.▓.♣.♣
_▓.▓.▓.▓.▓.▓.▓.♣.♣
_▓.▓.▓)▓.▓)▓.▓.♣[♣
_▓.▓÷▓)▓)▓)▓.▓.▓'▓
_▓.▓.▓.▓.▓.▓.▓.▓[▓
_▓.▓÷▓.▓.▓.▓.▓.▓.▓
_▓.▓÷▓.▓.▓)▓.▓.▓.▓
_▓.▓)▓.▓)▓.▓.▓.▓.▓
_▓.▓÷▓.▓)▓.▓.▓.▓@▓
'▓.▓÷▓.▓)▓.▓.▓.▓S▓
.▓.▓.▓.▓)▓.▓'▓.▓N▓
?▓.▓.▓.▓)▓.▓)▓.▓.▓
)▓.▓.▓.▓)▓.▓)▓.▓.▓
.▓.▓.▓.▓)▓.▓.▓.▓+▓
.▓.▓.▓.▓∩▓.▓.▓.▓
)▓.▓.▓.▓.▓.▓.▓.▓
)▓.▓.▓.▓∩▓.▓.▓.▓


You could see a salamander (strong) and a shock serpent.

Vanquished Creatures
  Saint Roka (D)
  A nagaraja (D)
  A frost giant (D)
  An eleionoma (D)
  A very ugly thing (D)
  2 dire elephants (D)
  An ettin (D)
  Josephine (D)
  A great orb of eyes (D)
  5 hydras (D)
  An ice dragon (D)
  A naga warrior (D)
  A rakshasa (D)
  Erolcha (D)
  An ogre mage (D)
  A centaur warrior (D)
  A merfolk aquamancer (D)
  A satyr (D)
  2 tengu warriors (D)
  A salamander mystic (D)
  A goliath frog (D)
  2 spriggan druids (D)
  A steelbarb worm (D)
  A wizard (D)
  2 swamp dragons (D)
  A bog body (D)
  A lindwurm (D)
  An orc knight (D)
  An ugly thing (D)
  A cyclops (D)
  5 orc sorcerers (D)
  A will-o-the-wisp (D)
  A salamander (D)
  A moth of wrath (D)
  Maurice (D)
  2 merfolk sirens (D)
  A black mamba (D)
  7 elephants (D)
  A gargoyle (D)
  2 rime drakes (D)
  2 cane toads (D)
  An efreet (D)
  A freezing wraith (D)
  A merfolk (D)
  A blink frog (D)
  A water elemental (D)
  A wyvern (D)
  4 wraiths (D)
  A yak (D)
  A basilisk (D)
  2 wargs (D)
  11 orc warriors (D)
  A necrophage (D)
  An ogre (D)
  A kobold brigand (D)
  A bullfrog (D)
  3 orc priests (D)
  16 orc wizards (D)
  An ufetubus (D)
  A dart slug (D)
  8 orcs (D)
  A bat skeleton (D)
  A bat zombie (D)
  A jackal (D)
  A quokka (D)
  A ball python (D)
  2 frilled lizards (D)
  A quokka zombie (D)
128 creatures vanquished.

Vanquished Creatures (collateral kills)
  A hydra (D)
  A black mamba (D)
  2 cane toads (D)
  2 komodo dragons (D)
  A yak (D)
  A water moccasin (D)
  A bullfrog (D)
9 creatures vanquished.

Vanquished Creatures (others)
  A death knight (D)
1 creature vanquished.

Grand Total: 138 creatures vanquished

Notes
Turn   | Place    | Note
-------+----------+-------------------------------------------
     0 | D        | mhtbhm the Human Berserker began the quest for the Orb.
     0 | D        | Reached XP level 1. HP: 18/18 MP: 1/1
    12 | D        | Reached ** piety under Trog
   272 | D        | Noticed an ogre
   272 | D        | Noticed a necrophage
   277 | D        | Reached XP level 2. HP: 25/25 MP: 2/2
   277 | D        | Reached *** piety under Trog
   278 | D        | Reached skill level 4 in Polearms
   281 | D        | Killed an ogre
   282 | D        | Reached skill level 5 in Fighting
   282 | D        | Reached skill level 6 in Polearms
   282 | D        | Reached XP level 3. HP: 10/34 MP: 3/3
   282 | D        | Reached XP level 4. HP: 12/40 MP: 4/4
   283 | D        | Reached XP level 5. HP: 14/46 MP: 5/5
   290 | D        | Killed a necrophage
   291 | D        | Reached skill level 8 in Polearms
   368 | D        | Found a snail-covered altar of Cheibriados.
   368 | D        | Found a shadowy altar of Dithmenos.
   368 | D        | Found a white marble altar of Elyvilon.
   368 | D        | Found a blossoming altar of Fedhas.
   368 | D        | Found an opulent altar of Gozag.
   369 | D        | Found a hazy altar of Hepliaklqana.
   370 | D        | Found a viscous altar of Jiyva.
   371 | D        | Found an ancient bone altar of Kikubaaqudgha.
   372 | D        | Found a corrupted altar of Lugonu.
   373 | D        | Found a burning altar of Makhleb.
   374 | D        | Found a sparkling altar of Nemelex Xobeh.
   375 | D        | Found an iron altar of Okawaru.
   376 | D        | Found a stormy altar of Qazlal.
   377 | D        | Found a sacrificial altar of Ru.
   378 | D        | Found a shimmering blue altar of Sif Muna.
   379 | D        | Found a bloodstained altar of Trog.
   380 | D        | Found a hide-covered altar of Uskayaw.
   381 | D        | Found a radiant altar of Vehumet.
   382 | D        | Found an ornate altar of the Wu Jian Council.
   383 | D        | Found a shimmering altar of Xom.
   384 | D        | Found a basalt altar of Yredelemnul.
   385 | D        | Found a glowing silver altar of Zin.
   386 | D        | Found a glowing golden altar of the Shining One.
   569 | D        | Noticed a kobold brigand
   569 | D        | Noticed a wyvern
   574 | D        | Killed a kobold brigand
   574 | D        | Reached **** piety under Trog
   575 | D        | Reached XP level 6. HP: 56/56 MP: 6/6
   578 | D        | Killed a wyvern
   579 | D        | Reached skill level 10 in Polearms
   579 | D        | Reached skill level 5 in Dodging
   579 | D        | Reached XP level 7. HP: 63/63 MP: 7/7
   587 | D        | Reached ***** piety under Trog
   717 | D        | Noticed a six-headed hydra
   717 | D        | Noticed a centaur warrior
   717 | D        | Noticed a gargoyle
   717 | D        | Noticed an efreet
   717 | D        | Noticed a death knight
   717 | D        | Noticed a wraith
   737 | D        | Killed a six-headed hydra
   738 | D        | Reached skill level 10 in Fighting
   738 | D        | Reached skill level 12 in Polearms
   738 | D        | Reached skill level 5 in Armour
   738 | D        | Reached XP level 8. HP: 55/73 MP: 8/8
   740 | D        | Killed a death knight
   741 | D        | Killed a centaur warrior
   742 | D        | Reached skill level 13 in Polearms
   742 | D        | Reached XP level 9. HP: 48/81 MP: 9/9
   747 | D        | Killed a gargoyle
   748 | D        | Reached skill level 14 in Polearms
   751 | D        | Killed an efreet
   751 | D        | Received a gift from Trog
  1085 | D        | Noticed a cane toad
  1085 | D        | Noticed a four-headed hydra
  1085 | D        | Noticed a komodo dragon
  1085 | D        | Noticed a black mamba
  1089 | D        | Noticed a komodo dragon
  1105 | D        | Killed a cane toad
  1108 | D        | Killed a 15-headed hydra
  1109 | D        | Reached skill level 15 in Polearms
  1109 | D        | Reached XP level 10. HP: 33/91 MP: 10/10
  1109 | D        | Killed a komodo dragon
  1111 | D        | Killed a black mamba
  1112 | D        | Killed a komodo dragon
  1112 | D        | Noticed a cane toad
  1113 | D        | Killed a cane toad
  1114 | D        | Reached skill level 16 in Polearms
  1114 | D        | Reached skill level 1 in Stealth
  1335 | D        | Noticed a cane toad
  1335 | D        | Noticed a cane toad
  1335 | D        | Noticed a rime drake
  1337 | D        | Noticed a rime drake
  1338 | D        | Identified the +8 glaive of Ragnarok {vorpal, Dex+2} (Trog
                  | gifted it to you in the Dungeon)
  1338 | D        | Received a gift from Trog
  1348 | D        | Killed a cane toad
  1349 | D        | Reached skill level 5 in Evocations
  1351 | D        | Killed a cane toad
  1352 | D        | Reached XP level 11. HP: 98/98 MP: 11/11
  1352 | D        | Noticed an elephant
  1356 | D        | Noticed a lindwurm
  1358 | D        | Reached skill level 10 in Armour
  1405 | D        | Killed an elephant
  1405 | D        | Received a gift from Trog
  1409 | D        | Killed a lindwurm
  1410 | D        | Reached skill level 17 in Polearms
  1566 | D        | Noticed an elephant
  1566 | D        | Noticed a dire elephant
  1566 | D        | Noticed a dire elephant
  1566 | D        | Noticed an elephant
  1566 | D        | Noticed an elephant
  1566 | D        | Noticed an elephant
  1567 | D        | Noticed an elephant
  1575 | D        | Killed a dire elephant
  1582 | D        | Killed a dire elephant
  1588 | D        | Killed an elephant
  1590 | D        | Killed an elephant
  1595 | D        | Killed an elephant
  1595 | D        | Received a gift from Trog
  1600 | D        | Killed an elephant
  1601 | D        | Reached skill level 15 in Fighting
  1601 | D        | Reached skill level 18 in Polearms
  1605 | D        | Killed an elephant
  1645 | D        | Noticed an elephant
  1652 | D        | Killed an elephant
  1976 | D        | Noticed Josephine
  1987 | D        | Killed Josephine
  1987 | D        | Reached ****** piety under Trog
  1988 | D        | Reached XP level 12. HP: 97/110 MP: 12/12
  1995 | D        | Received a gift from Trog
  2113 | D        | Received a gift from Trog
  2126 | D        | Received a gift from Trog
  2216 | D        | Reached skill level 19 in Polearms
  2234 | D        | Received a gift from Trog
  2285 | D        | Found Janas's General Store.
  2288 | D        | Received a gift from Trog
  2294 | D        | Found Ojorchuzu's Weapon Shoppe.
  2298 | D        | Identified the +6 dagger of the Beginning {flame, +Blink
                  | rPois Str-4 Dex+6} (Trog gifted it to you in the Dungeon)
  2298 | D        | Received a gift from Trog
  2301 | D        | Found Feube's Book Emporium.
  2303 | D        | Identified the +8 trident of Xifopu Weosa {vorpal, Dex+7}
                  | (Trog gifted it to you in the Dungeon)
  2303 | D        | Received a gift from Trog
  2353 | D        | Found Qooje's Magic Scroll Shoppe.
  2362 | D        | Paralysed by an orc sorcerer for 7 turns
  2370 | D        | Reached skill level 20 in Polearms
  2374 | D        | Received a gift from Trog
  2417 | D        | Bought a scroll of immolation for 35 gold pieces
  2417 | D        | Bought a scroll of blinking for 75 gold pieces
  2417 | D        | Bought a scroll of identify for 20 gold pieces
  2423 | D        | Bought a scroll of acquirement for 572 gold pieces
  2423 | D        | Bought 2 potions of might for 88 gold pieces
  2423 | D        | Bought a scroll of identify for 22 gold pieces
  2423 | D        | Bought a scroll of identify for 22 gold pieces
  2429 | D        | Bought a scroll of identify for 20 gold pieces
  2461 | D        | Noticed Maurice
  2472 | D        | Killed Maurice
  2542 | D        | Noticed Erolcha
  2557 | D        | Killed Erolcha
  2557 | D        | Received a gift from Trog
  2706 | D        | Noticed an eight-headed hydra
  2706 | D        | Noticed an ogre mage
  2706 | D        | Noticed a tengu warrior
  2706 | D        | Noticed a four-headed hydra
  2711 | D        | Killed a nine-headed hydra
  2712 | D        | Noticed a tengu warrior
  2713 | D        | Killed an ogre mage
  2713 | D        | Noticed a frost giant
  2727 | D        | Killed a tengu warrior
  2728 | D        | Reached skill level 10 in Dodging
  2728 | D        | Noticed a brown very ugly thing
  2731 | D        | Killed a one-headed hydra
  2732 | D        | Reached skill level 21 in Polearms
  3088 | D        | Killed a frost giant
  3089 | D        | Reached XP level 13. HP: 118/121 MP: 13/13
  3269 | D        | Killed a brown very ugly thing
  3269 | D        | Identified the +8 halberd of the Briny Deep {vorpal, *Slow
                  | Fragile rPois rC+++} (Trog gifted it to you in the Dungeon)
  3269 | D        | Received a gift from Trog
  3360 | D        | Noticed an ice dragon
  3365 | D        | Killed an ice dragon
  3403 | D        | Noticed a great orb of eyes
  3409 | D        | Killed a great orb of eyes
  3410 | D        | Reached skill level 22 in Polearms
  3416 | D        | Noticed a rakshasa
  3422 | D        | Noticed an ettin
  3427 | D        | Noticed an ettin
  3436 | D        | Killed a rakshasa
  3455 | D        | Killed an ettin
  3455 | D        | Received a gift from Trog
  3569 | D        | Noticed Saint Roka
  3594 | D        | Killed Saint Roka
  3848 | D        | Received a gift from Trog
  3851 | D        | Reached skill level 23 in Polearms
  3860 | D        | Received a gift from Trog
  3868 | D        | HP: 5/124 [merfolk (9)]
  4118 | D        | Noticed an eight-headed hydra
  4125 | D        | Noticed an eleionoma
  4127 | D        | Received a gift from Trog
  4128 | D        | Reached skill level 5 in Stealth
  4133 | D        | Killed an eleionoma
  4136 | D        | Killed a six-headed hydra
  4140 | D        | Reached XP level 14. HP: 131/133 MP: 14/14
  4147 | D        | Reached skill level 24 in Polearms
  4392 | D        | Received a gift from Trog
  4465 | D        | Noticed a nagaraja
  4472 | D        | Killed a nagaraja
  4481 | D        | Received a gift from Trog
  4533 | D        | Slain by a salamander

Illustrated notes

Levels and vault maps discovered:
D:        linesprint [early_d, line_temple, items_1, d_10, items_2, lair_1,
          lair_end, items_3, orc_1, orc_end, items_4, d_15, swamp_1, shoals_1,
          snake_1, spider_1, d_20, vaults_1, items_5, swamp_end, shoals_end,
          snake_end, spider_end, vaults_end, d_27, items_6, zot_1, zot_end,
          crypt_end, forest_end, elf_end, slime_end, tomb_end, abyss_end,
          pan_hell_end]

Skill      XL: |  1  2  3  4  5  6  7  8  9 10 11 12 13 14 |
---------------+-------------------------------------------+-----
Polearms       | 6 8 10 12 13 15 16 18 21 23 24 | 24.7
Fighting       | 5 6 7 8 10 11 12 13 15 17 19 20 | 20.0
Armour         | 3 4 5 6 8 9 11 13 14 | 14.5
Dodging        | 3 4 5 6 7 8 9 10 11 | 11.7
Evocations     | 2 4 5 |  5.5
Stealth        | 1 3 5 |  5.3

Action                   |  1- 3 |  4- 6 |  7- 9 | 10-12 | 13-15 || total
-------------------------+-------+-------+-------+-------+-------++-------
Melee: Spear             |    25 |     8 |       |       |       ||    33
       Halberd           |       |     8 |    43 |    33 |       ||    84
       Glaive            |       |       |       |   140 |       ||   140
       Bardiche          |       |       |       |    29 |   158 ||   187
Invok: Berserk           |     1 |     1 |     2 |    10 |     5 ||    19
       Brothers in Arms  |       |       |     1 |       |       ||     1
Evoke: Wand              |       |       |     7 |       |       ||     7
  Use: Potion            |       |       |     1 |     2 |     3 ||     6
       Scroll            |       |       |     1 |     1 |       ||     2
 Stab: Distracted        |       |       |       |       |     1 ||     1
Armor: Animal skin       |     1 |     2 |       |       |       ||     3
       Chain mail        |       |     1 |    42 |    38 |       ||    81
       Swamp dragon scal |       |       |       |    14 |    28 ||    42
Dodge: Dodged            |     8 |     3 |    22 |    60 |    51 ||   144

Table legend: (Time is in decaauts)
 A = Elapsed time spent in this place.
 B = Non-inter-level travel time spent in this place.
 C = Inter-level travel time spent in this place.
 D = Time resting spent in this place.
 E = Time spent auto-exploring this place.
 F = Levels seen in this place.
 G = Mean time per level.
                   A        B        C        D        E       F      G
               +--------+--------+--------+--------+--------+-----+--------+
         Total |   4543 |   4543 |      0 |   2718 |    482 |   1 | 4543.0 |
       Dungeon |   4543 |   4543 |      0 |   2718 |    482 |   1 | 4543.0 |
               +--------+--------+--------+--------+--------+-----+--------+

Top non-repeatable levels by time:
       D: 4543 daAuts
